 Dungeon Crawl Stone Soup version 0.21.1-1-g345015f (webtiles) character file.

17 Heatsaber the Grave Robber (level 2, -6/14 HPs)
             Began as a Vine Stalker Necromancer on May 21, 2018.
             Killed from afar by Natasha (8 damage)
             ... with a magic dart
             ... on level 2 of the Dungeon.
             The game lasted 00:06:00 (646 turns).

Heatsaber the Grave Robber (VSNe)                    Turns: 646, Time: 00:06:01

Health: -6/14      AC:  2    Str: 10    XL:     2   Next: 62%
Magic:  0/6        EV: 12    Int: 15    God:
Gold:   25         SH:  0    Dex: 14    Spells: 4/6 levels left

rFire    . . .     SeeInvis .   h - +0 dagger
rCold    . . .     Gourm    .   (no shield)
rNeg     . . .     Faith    .   a - +0 robe
rPois    .         Spirit   +   (no helmet)
rElec    .         Reflect  .   (no cloak)
rCorr    .         Harm     .   (no gloves)
MR       .....                  (no boots)
Stlth    ++........             (no amulet)
HPRegen  0.04/turn              (no ring)
MPRegen  0.10/turn              (no ring)

@: no status effects
A: fangs 2, magic shield, antimagic bite, no potion heal 3, rot immunity
a: no special abilities


You were on level 2 of the Dungeon.
You were not hungry.

You visited 1 branch of the dungeon, and saw 2 of its levels.

You collected 25 gold pieces.

Inventory:

Hand Weapons
 h - a +0 dagger (weapon)
Armour
 a - a +0 robe (worn)
Scrolls
 e - a scroll of enchant armour {unknown}
 f - a scroll of identify {unknown}
Potions
 d - a potion of flight {unknown}
 g - a potion of heal wounds {unknown}
Books
 b - a book of Necromancy

   Spells                             Type                      Level
   a - Pain                           Necromancy                   1
   b - Animate Skeleton               Necromancy                   1
   c - Vampiric Draining              Necromancy                   3
   d - Regeneration                   Charms/Necromancy            3
   e - Animate Dead                   Necromancy                   4
   f - Borgnjor's Vile Clutch         Necromancy/Earth             5
Comestibles
 c - 2 rations
 i - a chunk of flesh


   Skills:
 + Level 1.0 Fighting
 - Level 1.5 Dodging
 - Level 2.4 Stealth
 + Level 2.5 Spellcasting
 + Level 4.2 Necromancy


You had 4 spell levels left.
You knew the following spells:

 Your Spells              Type           Power        Failure   Level  Hunger
a - Pain                  Necr           ##..         3%          1    #......
b - Animate Skeleton      Necr           N/A          3%          1    #......


Dungeon Overview and Level Annotations

Branches:
Dungeon (2/15)

Altars:
Elyvilon

Annotations:
D:2 Natasha


Innate Abilities, Weirdness & Mutations

You have extremely sharp teeth.
When hurt, damage is shared between your health and your magic reserves.
Your bite disrupts and absorbs the magic of your enemies.
Potions cannot restore your health.
You are immune to rotting.


Message History

Aim: Natasha (lightly wounded, chance to defeat MR: 72%) Natasha writhes in agony!
Natasha mumbles some strange words.
Casting: Pain
Confirm with . or Enter, or press ? or * to list all spells.
Aiming: Pain
Press: ? - help, Shift-Dir - straight line, f/p - Natasha
Aim: Natasha (moderately wounded, chance to defeat MR: 72%) Natasha writhes in agony!
Natasha claws you.
* * * LOW HITPOINT WARNING * * *
Okay, then.
You hit Natasha. Your bite misses Natasha.
Natasha is heavily wounded.
Natasha claws you but does no damage.
You closely miss Natasha.
Natasha is heavily wounded.
Natasha casts a spell at you. The magic dart hits you!
Ouch! That really hurt!
You die...

..... ...... ...... ....)
....####..... ...#........ ###
#####.....5.... #..
.......5....... #.# ###### #5#.#
#.# #....# #h#.# ##.# ##.##.#
#@#.# .#.###...#.# #.#.#....#
.#.......#.#####.#.#....#
...................#....#
#.#.#.#.#.#.####.###....#+##
..............##...........#
..⌠.....⌠.....##...........#
....._........##...........#
..⌠.....⌠.....##...........#####


You could see Natasha, a crimson imp and a white imp.

Vanquished Creatures
  A gnoll (D:2)
  A dart slug (D:1)
  A giant cockroach (D:2)
  A bat (D:1)
  A frilled lizard (D:2)
  3 rats (D:1)
8 creatures vanquished.

Notes
Turn   | Place    | Note
-------+----------+-------------------------------------------
     0 | D:1      | Heatsaber the Vine Stalker Necromancer began the quest for the Orb.
     0 | D:1      | Reached XP level 1. HP: 9/9 MP: 4/4
    37 | D:1      | Learned a level 1 spell: Animate Skeleton
   416 | D:2      | Found a white marble altar of Elyvilon.
   438 | D:2      | Reached XP level 2. HP: 10/14 MP: 1/6
   575 | D:2      | Reached skill level 1 in Fighting
   614 | D:2      | Noticed Natasha
   644 | D:2      | Noticed a crimson imp
   646 | D:2      | Killed from afar by Natasha

Skill      XL: |  1  2 |
---------------+-------+-----
Fighting       | 1 |  1.0
Dodging        | |  1.5
Stealth        | |  2.4
Spellcasting   | |  2.5
Necromancy     | |  4.2

Action                   || total
-------------------------++-------
Melee: Dagger            ||    17
       Bite              ||     5
       Unarmed           ||     1
 Cast: Pain              ||    13
       Animate Skeleton  ||     2
  Use: Potion            ||     1
 Stab: Sleeping          ||     1
Armor: Robe              ||     6
Dodge: Dodged            ||    12
